Map: World of Sleepers LE

Players

IAmLeGenD - Winner!

  • Race: Protoss Protoss
  • League: Master
  • Spawn Location: 1:00

Mez

  • Race: Terran Terran
  • League: Master
  • Spawn Location: 7:00

VOD

Have the link to the VOD?

Description

Time

  • Played on: Sept. 3, 2019, 2:19 a.m.
  • Length: 15:39
Show
View Real Time Build Order
Export as new Build Order

IAmLeGenD Protoss - Winner!

Build Orders: 1 Gate Expand, Blink Stalkers, Colossus Rush 

Get SALT Encoding   

  12  0:00  Probe  
  13  0:12  Probe  
  14  0:18  Pylon  
  14  0:24  Probe  
  15  0:35  Probe  
  15  0:38  Gateway  
  16  0:43  Probe  
  17  0:52  Probe, Assimilator  
  18  1:04  Probe  
  19  1:17  Probe  
  20  1:26  Cybernetics Core  
  20  1:38  Nexus  
  20  1:44  Pylon  
  20  1:47  Probe  
  20  1:52  Stalker  
  21  2:00  Assimilator  
  21  2:03  Warp Gate  
  21  2:05  Probe  
  23  2:13  Probe  
  24  2:22  Stalker  
  27  2:25  Probe  
  28  2:37  Probe  
  28  2:38  Twilight Council  
  29  2:49  Probe  
  29  2:50  Probe  
  31  3:01  Probe  
  31  3:02  Blink, Probe  
  31  3:04  Shield Battery  
  31  3:05  Robotics Facility  
  33  3:13  Probe  
  33  3:14  Probe  
  35  3:25  Probe  
  36  3:27  Pylon  
  36  3:29  Probe  
  36  3:31  Assimilator  
  37  3:37  Probe  
  37  3:41  Probe, Assimilator  
  39  3:43  Immortal  
  39  3:49  Probe  
  39  3:53  Probe  
  45  3:58  Sentry  
  45  4:01  Probe  
  48  4:05  Shield Battery  
  48  4:08  Probe  
  49  4:14  Probe  
  49  4:16  Observer  
  50  4:20  Pylon, Probe  
  50  4:21  Pylon  
  52  4:26  Probe  
  53  4:33  Pylon  
  53  4:34  Observer  
  54  4:42  Probe x2  
  56  4:46  Sentry  
  56  4:51  Robotics Bay  
  58  4:53  Gateway, Charge  
  58  4:55  Immortal  
  62  5:04  Observer  
  62  5:07  Probe x2  
  64  5:22  Probe x2  
  64  5:23  Nexus  
  64  5:24  Pylon  
  66  5:32  Colossus  
  66  5:34  Stalker  
  68  5:42  Pylon  
  68  5:47  Probe  
  68  5:49  Extended Thermal Lance  
  75  5:51  Stalker  
  77  6:01  Forge  
  77  6:03  Gateway  
  77  6:04  Shield Battery  
  77  6:05  Shield Battery  
  77  6:11  Sentry  
  77  6:14  Colossus  
  77  6:15  Pylon  
  79  6:21  Probe x2  
  81  6:29  Pylon  
  87  6:32  Sentry  
  87  6:33  Protoss Ground Weapons Level 1  
  87  6:35  Stalker  
  87  6:38  Probe x2  
  87  6:39  Probe  
  93  6:46  Forge  
  93  6:50  Pylon  
  93  6:58  Probe x3  
  96  7:04  Colossus  
  96  7:10  Probe x2  
  96  7:11  Probe  
  96  7:12  Photon Cannon  
  105  7:20  Gateway  
  97  7:30  Zealot x3  
  97  7:37  Protoss Ground Armor Level 1  
  101  7:48  Colossus  
  101  7:57  Probe x2  
  109  8:01  Gateway  
  109  8:02  Gateway  
  109  8:05  Robotics Facility  
  109  8:06  Pylon  
  109  8:10  Photon Cannon, Stalker  
  109  8:11  Stalker x2  
  115  8:16  Stalker  
  115  8:17  Protoss Ground Weapons Level 2  
  115  8:18  Probe x3  
  120  8:20  Assimilator  
  120  8:21  Pylon  
  120  8:23  Assimilator  
  120  8:26  Templar Archives  
  120  8:28  Pylon  
  120  8:35  Colossus  
  126  8:52  Zealot x4  
  134  8:57  Pylon  
  134  8:58  Unknown  
  134  9:01  Pylon  
  134  9:09  Psionic Storm  
  134  9:20  Protoss Ground Armor Level 2  
  134  9:23  Observer  
  135  9:25  Zealot x6  
  135  9:28  Pylon  
  135  9:29  Colossus  
  153  9:38  Gateway  
  153  9:40  Pylon  
  153  9:41  Gateway, Nexus  
  153  9:44  Pylon  
  153  9:45  Pylon, Probe  
  153  9:47  Pylon, Probe  
  153  9:48  Probe  
  156  9:58  Pylon  
  156  10:04  Pylon  
  156  10:11  Zealot  
  156  10:13  Warp Prism  
  159  10:16  High Templar  
  159  10:17  High Templar x3  
  159  10:18  High Templar  
  168  10:37  Zealot x2  
  135  10:51  Archon x2  
  135  10:56  Colossus  
  127  10:59  Protoss Shields Level 1  
  127  11:00  Colossus  
  131  11:17  Protoss Ground Weapons Level 3  
  131  11:23  High Templar x2  
  133  11:26  Probe x3  
  136  11:38  Zealot, High Templar x2  
  136  11:39  Zealot x3  
  148  11:44  Immortal  
  148  11:52  Photon Cannon  
  148  11:54  Immortal, Photon Cannon  
  152  11:56  Photon Cannon, Stalker  
  152  11:57  Stalker  
  152  11:58  Pylon  
  152  11:59  Shield Battery, Stalker x2  
  152  12:00  Stalker x2  
  168  12:04  Photon Cannon  
  156  12:24  Warp Prism  
  156  12:28  High Templar x2  
  156  12:29  Zealot x6  
  174  12:31  Probe x4  
  178  12:40  Colossus  
  178  12:43  Probe x2  
  180  12:45  Photon Cannon  
  180  12:48  Nexus  
  180  12:51  Pylon  
  186  12:53  Pylon  
  186  12:57  High Templar x4  
  194  12:58  Zealot x2  
  194  13:01  Archon  
  194  13:02  Archon  
  194  13:03  Stalker  
  178  13:27  Archon  
  178  13:28  Archon x2  
  178  13:30  Zealot x7  
  178  13:31  Zealot  
  122  13:51  Colossus x2  
  122  13:52  Zealot  
  122  13:54  Zealot  
  122  13:55  Zealot x6  
  130  14:33  High Templar  
  130  14:34  High Templar x3  
  130  14:35  Zealot  
  130  14:36  Zealot  
  130  14:38  Zealot, Archon x2  
  138  14:39  Zealot  
  138  14:44  Colossus  
  148  15:00  Probe x2  
  148  15:01  Probe  
  148  15:02  High Templar x2  
  148  15:03  High Templar x2  
  148  15:07  Zealot x4  
  163  15:08  Archon x2  
  167  15:35  Zealot x4  
  171  15:36  Zealot x4  
Show
View Real Time Build Order
Export as new Build Order

Mez Terran 

Build Orders: Reaper Expand 

Get SALT Encoding   

  12  0:00  SCV  
  13  0:12  SCV  
  14  0:16  Supply Depot  
  14  0:25  SCV  
  15  0:38  SCV  
  15  0:39  Barracks  
  16  0:44  Refinery  
  16  0:50  SCV  
  17  1:02  SCV  
  18  1:14  SCV  
  19  1:28  Orbital Command, Reaper  
  20  1:39  Command Center  
  20  1:48  Bunker  
  21  1:54  SCV  
  21  1:59  Supply Depot  
  21  2:00  Marine  
  22  2:06  SCV  
  23  2:20  Barracks Reactor, SCV  
  24  2:32  Command Center  
  24  2:39  Factory  
  24  2:43  SCV  
  25  2:52  Orbital Command  
  25  2:55  Refinery  
  25  2:57  SCV  
  26  3:05  Marine x2  
  26  3:10  SCV  
  29  3:19  SCV  
  30  3:22  Widow Mine, SCV  
  30  3:25  Starport  
  33  3:27  Marine  
  33  3:28  Marine  
  33  3:31  SCV  
  36  3:34  SCV  
  37  3:43  SCV  
  37  3:45  Refinery  
  37  3:46  Orbital Command, SCV  
  39  3:52  Widow Mine  
  39  3:53  Marine x2  
  39  3:55  SCV  
  44  3:58  SCV  
  45  4:03  Starport Tech Lab  
  45  4:06  Barracks  
  45  4:07  SCV  
  46  4:10  SCV  
  47  4:19  SCV, Factory Tech Lab  
  48  4:25  Barracks  
  48  4:26  Marine x2  
  48  4:27  Raven  
  48  4:30  SCV x2  
  54  4:31  SCV  
  54  4:35  Supply Depot  
  54  4:37  Refinery  
  55  4:42  SCV x2  
  57  4:46  Factory Reactor  
  57  4:47  Marine, SCV  
  57  4:48  Marine  
  60  4:54  SCV  
  60  4:57  SCV  
  60  4:59  SCV  
  63  5:00  Supply Depot  
  63  5:03  Marauder, Stimpack  
  65  5:11  Marine x2  
  67  5:15  SCV x2  
  67  5:18  Engineering Bay  
  67  5:20  Engineering Bay  
  69  5:27  Marauder  
  69  5:28  Marauder  
  73  5:29  Medivac x2  
  73  5:30  Orbital Command, Factory Reactor  
  73  5:34  Supply Depot  
  77  5:37  Supply Depot, SCV x2  
  79  5:44  Combat Shield, Marine x2  
  79  5:48  Supply Depot, Terran Infantry Weapons Level 1  
  80  5:50  Terran Infantry Armor Level 1  
  80  5:51  Supply Depot  
  80  6:03  SCV x2  
  82  6:06  SCV  
  83  6:13  Supply Depot  
  83  6:14  Supply Depot  
  83  6:15  SCV  
  83  6:16  SCV  
  83  6:18  SCV  
  86  6:21  Marine x2  
  86  6:22  Marauder x2  
  86  6:23  Supply Depot  
  92  6:33  SCV x2  
  92  6:35  Medivac x2  
  92  6:37  Barracks  
  92  6:38  Barracks  
  92  6:39  Marine x2  
  100  6:43  Marauder, Marine  
  100  6:44  Widow Mine x2  
  107  6:49  Supply Depot  
  107  6:51  Supply Depot  
  107  6:53  SCV x2  
  109  6:55  Supply Depot  
  109  6:59  SCV  
  110  7:01  Marine  
  110  7:02  Marine  
  110  7:03  Refinery  
  110  7:04  Concussive Shells  
  110  7:05  SCV x2  
  110  7:07  Marauder x2  
  118  7:11  SCV  
  119  7:18  Armory  
  119  7:25  Marine  
  119  7:26  Barracks Reactor  
  119  7:27  Barracks Tech Lab  
  119  7:28  Marauder x2  
  107  7:42  Marine  
  107  7:43  Marine  
  107  7:49  Marauder x2, Starport  
  107  7:51  Viking x2  
  113  7:52  Marauder  
  113  7:53  SCV x2  
  113  7:59  Command Center  
  113  8:00  Refinery, Marine  
  113  8:02  Ghost Academy  
  113  8:03  Marine x2  
  116  8:11  Marauder x2  
  120  8:13  Marauder  
  120  8:19  SCV x2  
  124  8:27  Viking  
  124  8:28  Viking x3  
  124  8:29  Marine x2  
  124  8:30  Marine x2  
  124  8:32  Marauder x2  
  140  8:40  Terran Infantry Armor Level 2, Terran Infantry Weapons Level 2  
  140  8:44  Terran Ship Weapons Level 1  
  139  8:53  Marine x3  
  139  8:54  Marauder x2  
  146  8:58  Supply Depot  
  142  9:08  Viking  
  142  9:09  Ghost, Viking x3  
  143  9:11  Marine x2  
  143  9:15  Ghost x2  
  143  9:16  Supply Depot  
  151  9:19  Supply Depot  
  151  9:27  Barracks  
  151  9:28  Enhanced Shockwaves  
  151  9:29  Barracks x2  
  151  9:34  Command Center  
  151  9:40  Planetary Fortress, Unknown  
  151  9:47  Sensor Tower, Medivac  
  151  9:48  Medivac  
  155  10:04  Liberator x2  
  155  10:05  Liberator  
  155  10:06  Marauder x3  
  161  10:07  Marine x2  
  161  10:08  Marine x2  
  161  10:11  SCV x3  
  167  10:16  Supply Depot  
  166  10:26  Fusion Core  
  139  10:50  Marauder  
  139  10:52  Viking  
  139  10:53  Barracks Tech Lab, Marauder x2  
  139  10:54  Barracks Tech Lab  
  139  10:56  Barracks Tech Lab  
  127  11:00  Marine x2  
  124  11:04  Viking  
  124  11:06  Viking x2  
  124  11:07  Orbital Command  
  122  11:12  Marauder  
  122  11:13  Command Center  
  122  11:14  Marauder x2  
  124  11:22  Viking  
  124  11:24  Starport  
  126  11:33  Marauder  
  126  11:36  Marauder x5, Marine x3  
  126  11:37  Viking x3  
  147  11:55  Ghost  
  147  11:56  Ghost x3  
  147  11:58  Terran Infantry Weapons Level 3  
  147  12:01  Liberator  
  152  12:09  Liberator x2  
  149  12:15  Ghost  
  149  12:16  Marauder, Marine x4  
  149  12:17  Starport Tech Lab  
  157  12:25  Marauder  
  165  12:38  Missile Turret  
  165  12:39  Missile Turret x2  
  165  12:48  Marauder x6, Liberator x3, Marine x3  
  165  12:50  Advanced Ballistics  
  180  13:00  Missile Turret  
  189  13:15  Command Center  
  132  13:39  Liberator x3  
  132  13:40  Marauder x4, Marine x4  
  104  13:49  Marauder x2  
  97  13:57  Marine  
  97  13:58  Marine x2  
  97  14:01  Marauder x2  
  112  14:16  Marine x2  
  112  14:17  Liberator x2  
  114  14:22  Liberator  
  95  14:35  Marauder  
  95  14:36  Marauder x2  
Tags
 
Add a new tag
Caveats
  • Supply blocks, unpowered buildings, or Contaminate may cause inaccurate times.
  • Supply counts are checked every 10 seconds.